 Dungeon Crawl Stone Soup version 0.19-b1-4-gd8a0a2a (webtiles) character file.

35 tyranidshit the Skirmisher (level 3, 0/30 HPs)
             Began as a Demonspawn Abyssal Knight on Oct 30, 2016.
             Was a Follower of Lugonu.
             Slain by a hobgoblin
             ... wielding a +0 club
              (3 damage)
             ... on level 3 of the Dungeon.
             The game lasted 00:02:53 (991 turns).

tyranidshit the Skirmisher (DsAK)                    Turns: 991, Time: 00:02:54

Health: 0/30       AC:  5    Str: 13    XL:     3   Next: 17%
Magic:  0/4        EV: 11    Int: 13    God:    Lugonu [*.....]
Gold:   61         SH:  0    Dex: 12    Spells: 0 memorised, 2 levels left

rFire  + . .     SeeInvis .     a - +1 hand axe
rCold  . . .     Gourm    .     b - +0 leather armour
rNeg   . . .     Faith    .     (no shield)
rPois  .         Spirit   +     (no helmet)
rElec  .         Reflect  .     (no cloak)
rCorr  .         Harm     .     (no gloves)
MR     .....                    (no boots)
Stlth  +.........               (no amulet)
                                (no ring)
                                e - ring of protection from fire

@: no status effects
A: iridescent scales 1, magic shield
a: Depart the Abyss, Renounce Religion


You were on level 3 of the Dungeon.
You worshipped Lugonu.
Lugonu was aware of your devotion.
You were not hungry.

You visited 1 branch of the dungeon, and saw 3 of its levels.
You visited the Abyss 1 time.

You collected 61 gold pieces.

Inventory:

Hand Weapons
 a - a +1 hand axe (weapon)
Armour
 b - a +0 leather armour (worn)
 f - a +0 chain mail
Jewellery
 e - a ring of protection from fire (left hand)
Scrolls
 d - 2 scrolls of identify
 g - a scroll of random uselessness {unknown}
 h - 3 scrolls of teleportation {unknown}
Comestibles
 c - a bread ration


   Skills:
 + Level 4.3 Fighting
 - Level 1.7 Axes
 - Level 1.7 Armour
 - Level 0.8 Dodging
 - Level 2.4 Invocations


You had 2 spell levels left.
You didn't know any spells.

Dungeon Overview and Level Annotations

Branches:
Dungeon (2/15)

Altars:


Innate Abilities, Weirdness & Mutations

You are partially covered in iridescent scales. (AC +2)
When hurt, damage is shared between your health and your magic reserves.


Message History

You kill the hobgoblin!
Lugonu accepts your kill.
A hobgoblin comes into view. It is wielding a club.
The hobgoblin shouts!
You hit the kobold but do no damage. The kobold hits you with a dagger.
* * * LOW HITPOINT WARNING * * *
The kobold hits you but does no damage.
You hit the kobold.
The kobold is severely wounded.
You closely miss the hobgoblin.
The crimson imp blinks!
The hobgoblin hits you with a club.
* * * LOW HITPOINT WARNING * * *
The kobold hits you but does no damage.
You hit the kobold.
You kill the kobold!
Lugonu accepts your kill.
You closely miss the hobgoblin. x2; The hobgoblin completely misses you.
The hobgoblin hits you but does no damage.
The hobgoblin hits you with a club.
You die...

#. .# #.# .#
# #.# ..
#.##.# .#
...# .#
#.###.#
#..g#.###.##
#).@g.......
#.#.#.###..#
#.#.#.#
#..5..#
#...### ...
#...# #.#..
#...# #
#.#..
######...#
#.# #.#..
.........#
##..##.#..


You could see a crimson imp and 2 hobgoblins.

Vanquished Creatures
  An adder (D:2)
  2 dart slugs (D:1)
  2 giant cockroaches
  2 goblins
  3 hobgoblins
  2 kobolds
  A quokka (D:3)
  3 bats (D:1)
  2 frilled lizards
  4 rats
22 creatures vanquished.

Notes
Turn   | Place    | Note
-------+----------+-------------------------------------------
     0 | Abyss:1  | tyranidshit the Demonspawn Abyssal Knight began the quest for the Orb.
     0 | Abyss:1  | Reached XP level 1. HP: 18/18 MP: 2/2
    39 | Abyss:2  | Noticed an iron imp
    65 | D:1      | Escaped the Abyss
   379 | D:1      | Gained mutation: When hurt, damage is shared between your health and your magic reserves. [demonic ancestry]
   379 | D:1      | Reached XP level 2. HP: 22/24 MP: 3/3
   434 | D:1      | Reached * piety under Lugonu
   860 | D:2      | Reached skill level 4 in Fighting
   860 | D:2      | Gained mutation: You are partially covered in iridescent scales. (AC +2) [demonic ancestry]
   860 | D:2      | Reached XP level 3. HP: 8/30 MP: 2/4
   865 | D:2      | Found a faded altar of an unknown god.
   885 | D:2      | You fall through a shaft!
   991 | D:3      | Slain by a hobgoblin

Skill      XL: |  1  2 |
---------------+-------+-----
Fighting       | 4 |  4.3
Axes           | |  1.7
Armour         | |  1.7
Dodging        | |  0.8
Invocations    | |  2.4

Action                   || total
-------------------------++-------
Melee: Hand axe          ||   103
Invok: Depart the Abyss  ||     1
  Use: Scroll            ||     5
       Potion            ||     3
Armor: Leather armour    ||    42
Dodge: Dodged            ||    66
